 Dungeon Crawl Stone Soup version 0.22-a0-305-gd21a89c (webtiles) character file.

1625 seren the Skirmisher (level 8, -2/84 HPs)
             Began as an Ogre Transmuter on Mar 31, 2018.
             Was a Follower of Wu Jian.
             Slain by a killer bee (7 damage)
             ... on level 7 of the Dungeon.
             The game lasted 00:36:09 (10134 turns).

seren the Skirmisher (Ogre Transmuter)             Turns: 10134, Time: 00:36:10

Health: -2/84      AC:  3    Str: 15    XL:     8   Next: 97%
Magic:  10/13      EV: 11    Int: 15    God:    Wu Jian [*.....]
Gold:   331        SH:  0    Dex: 10    Spells: 8/14 levels left

rFire    + . .     SeeInvis .     - Unarmed
rCold    . . .     Gourm    +   (no shield)
rNeg     . . .     Faith    .   b - +0 robe
rPois    .         Spirit   .   (helmet restricted)
rElec    .         Reflect  .   (no cloak)
rCorr    .         Harm     .   (gloves unavailable)
MR       .....                  (boots unavailable)
Stlth    +.........             f - amulet of the gourmand
HPRegen  0.24/turn              e - ring of protection from cold
MPRegen  0.13/turn              m - ring of fire

@: about to teleport, appendage, very slightly contaminated
A: large, unfitting armour, talons 3, tough skin 1
a: End Transformation, Renounce Religion


You were on level 7 of the Dungeon.
You worshipped Wu Jian.
Wu Jian was aware of your devotion.
You were very full.
You had grown temporary talons.
You visited 2 branches of the dungeon, and saw 8 of its levels.

You collected 331 gold pieces.

Inventory:

Missiles
 a - 29 arrows
 g - 158 stones (quivered)
 h - 4 large rocks
 j - 15 poisoned needles
 q - 16 sling bullets
Armour
 b - a +0 robe (worn)
Jewellery
 e - a ring of protection from cold (left hand)
 f - an amulet of the gourmand (around neck)
 m - a ring of fire (right hand)
 w - an uncursed ring of positive energy
Wands
 t - a wand of iceblast (8)
Scrolls
 c - 4 scrolls of enchant weapon
 r - 2 scrolls of amnesia
 s - 2 scrolls of remove curse
 v - 2 scrolls of magic mapping
 y - a scroll of fear {unknown}
Potions
 k - 2 potions of heal wounds {unknown}
 l - a potion of invisibility {unknown}
 n - a potion of curing
 o - a potion of magic
 p - a potion of berserk rage {unknown}
 u - a potion of resistance
 x - a potion of brilliance {unknown}
Comestibles
 d - 12 rations
 i - 6 chunks of flesh


   Skills:
 * Level 6.9 Fighting
 + Level 4.6 Dodging
 * Level 6.0 Unarmed Combat
 + Level 3.6 Spellcasting
 + Level 5.2 Transmutations


You had 8 spell levels left.
You knew the following spells:

 Your Spells              Type           Power        Failure   Level  Hunger
a - Beastly Appendage     Tmut           ###...       2%          1    None
b - Sticks to Snakes      Tmut           ###.....     3%          2    ##.....
c - Spider Form           Tmut/Pois      ##........   19%         3    ###....


Dungeon Overview and Level Annotations

Branches:
Dungeon (7/15)             Temple (1/1) D:4

Altars:
Ashenzari
Cheibriados
Dithmenos
Elyvilon
Fedhas
Gozag
Hepliaklqana
Kikubaaqudgha
Makhleb
Nemelex Xobeh
Okawaru
Qazlal
Ru
Sif Muna
Trog
Uskayaw
Vehumet
Wu Jian
Xom
Yredelemnul
Zin
The Shining One

Annotations:
D:4 1 runed door, exclusion: adder
D:5 xccam's ghost, novice FoFi
D:7 exclusion: hornet, Pikel; Prince Ribbit


Innate Abilities, Weirdness & Mutations

You are too large for most types of armour.
You have tough skin. (AC +1)
You have claws for feet.


Message History

A centaur comes into view.
You punch the killer bee!
The killer bee is severely wounded.
You feel sick. The killer bee misses you. Prince Ribbit hits you.
* * * LOW HITPOINT WARNING * * *
The killer bee stings you.
* * * LOW HITPOINT WARNING * * *
Prince Ribbit hops awkwardly around.
Prince Ribbit hits you!
* * * LOW HITPOINT WARNING * * *
Really read
z - a scroll of teleportation {!r}?
As you read the scroll of teleportation {!r}, it crumbles to dust.
You feel strangely unstable.
You feel sick. The killer bee barely misses you. Prince Ribbit hits you!
* * * LOW HITPOINT WARNING * * *
The killer bee barely misses you.
You feel better. The killer bee misses you. Prince Ribbit hits you!
* * * LOW HITPOINT WARNING * * *
The killer bee stings you!
You die...

. #.<....... #.#......#
#.## #########...........#
#..# ...........###..#### #
......###.####......# #.
.##..# #..# #......# . y
..#..# #.## #......# #.##.
##.# ##>#####......# .
.....##..####..##.........#
#......cy@.......##......#
...##..###F########......#
#.#....# #......#
#...........## ##.#####
#...........# ...
..#.........# ...#
........$..# ...#
..#.........# . #>........#


You could see Prince Ribbit, a centaur and a killer bee.

Vanquished Creatures
  A sky beast (D:5)
  6 ogres
  2 centaurs
  2 bullfrogs (D:6)
  A scorpion (D:6)
  3 crimson imps (D:5)
  2 hounds (D:5)
  A jelly (D:5)
  A bullfrog zombie (D:6)
  A bullfrog skeleton (D:4)
  2 orc priests
  3 orc wizards
  A centaur skeleton (D:6)
  3 worker ants
  A hound zombie (D:7)
  A worker ant zombie (D:5)
  5 adders
  4 gnolls (D:3)
  A howler monkey skeleton (D:4)
  An adder zombie (D:5)
  2 worms (D:4)
  2 dart slugs (D:1)
  A leopard gecko (D:1)
  6 orcs
  8 giant cockroaches
  7 goblins
  5 hobgoblins
  8 jackals
  12 kobolds
  4 quokkas
  4 bats
  3 frilled lizards
  A jackal skeleton (D:5)
  5 rats
110 creatures vanquished.

Vanquished Creatures (collateral kills)
  An adder (D:4)
1 creature vanquished.

Grand Total: 111 creatures vanquished

Notes
Turn   | Place    | Note
-------+----------+-------------------------------------------
     0 | D:1      | seren the Ogre Transmuter began the quest for the Orb.
     0 | D:1      | Reached XP level 1. HP: 19/19 MP: 3/3
   107 | D:1      | Reached XP level 2. HP: 27/27 MP: 5/5
   210 | D:1      | Learned a level 2 spell: Sticks to Snakes
   645 | D:1      | Reached XP level 3. HP: 35/35 MP: 5/7
  1261 | D:2      | HP: 1/35 [poisoned by an adder]
  1789 | D:2      | Found a shadowy altar of Dithmenos.
  2257 | D:2      | Reached XP level 4. HP: 42/42 MP: 8/8
  3253 | D:3      | Found a shimmering altar of Xom.
  3656 | D:3      | Reached XP level 5. HP: 6/50 MP: 9/9
  3679 | D:3      | Learned a level 3 spell: Spider Form
  4680 | D:4      | Found a staircase to the Ecumenical Temple.
  4689 | Temple   | Entered the Ecumenical Temple
  4764 | Temple   | Became a worshipper of the Wu Jian Council
  5339 | D:4      | Reached XP level 6. HP: 61/61 MP: 10/10
  5879 | D:4      | Found a white marble altar of Elyvilon.
  5879 | D:4      | Found a runed door.
  5879 | D:4      | Noticed an angel
  6590 | D:5      | Entered Level 5 of the Dungeon
  6855 | D:5      | Reached XP level 7. HP: 43/70 MP: 9/11
  7141 | D:5      | Noticed xccam's ghost (novice FoFi)
  7482 | D:5      | Reached skill level 5 in Fighting
  7562 | D:5      | Reached skill level 5 in Unarmed Combat
  8286 | D:5      | Reached XP level 8. HP: 51/80 MP: 10/12
  8732 | D:5      | Found a sacrificial altar of Ru.
  9332 | D:6      | Reached * piety under Wu Jian
  9676 | D:6      | Reached skill level 5 in Transmutations
  9952 | D:7      | Noticed Pikel
  9995 | D:7      | Noticed a hornet
 10121 | D:7      | Noticed Prince Ribbit
 10134 | D:7      | Slain by a killer bee

Vault maps used:
D:1:      enne_arrival_octagon_isle, minmay_misc_feat_four_crosses,
          minivault_27, hangedman_abyss_or_decor_stabs, st_stairs_3,
          minmay_misc_feat_rows
D:2:      minmay_crystal_room, grunt_dithmenos_smoke
D:3:      lemuel_coloured_pillars_altar
D:4:      minmay_temple_entry_junction, lemuel_angel_altar
D:5:      first_ration, minmay_misc_feat_cross, nrook_loot_triangle,
          nicolae_ru_the_path_less_chosen
D:6:      minivault_24
D:7:      uniq_prince_ribbit1, uniq_pikel, uniq_duvessa
Temple:   dpeg_three_leaves_temple

Skill      XL: |  1  2  3  4  5  6  7  8 |
---------------+-------------------------+-----
Transmutations | 2 3 4 5 |  5.2
Unarmed Combat | 3 4 5 6 |  6.0
Dodging        | 2 4 |  4.6
Fighting       | 2 3 4 5 6 |  6.9
Spellcasting   | 3 |  3.6

Action                   |  1- 3 |  4- 6 |  7- 9 || total
-------------------------+-------+-------+-------++-------
Melee: Unarmed           |   160 |   221 |   240 ||   621
       Punch             |     3 |     2 |     2 ||     7
       Kick              |     2 |    26 |     8 ||    36
       Headbutt          |     7 |     6 |     4 ||    17
Throw: Stone             |     6 |     3 |     5 ||    14
 Cast: Beastly Appendage |    12 |    24 |     7 ||    43
       Sticks to Snakes  |     4 |     5 |       ||     9
       Spider Form       |       |       |     8 ||     8
Invok: Lunge             |       |     6 |    18 ||    24
       Whirlwind         |       |       |     3 ||     3
 Abil: End Transformatio |       |       |     2 ||     2
  Use: Potion            |     3 |     2 |     1 ||     6
       Scroll            |       |     7 |     6 ||    13
 Stab: Sleeping          |       |     2 |       ||     2
  Eat: Chunk             |    17 |    15 |    11 ||    43
Armor: Robe              |    41 |    35 |    31 ||   107
       Skin              |       |     2 |       ||     2
Dodge: Dodged            |    95 |    80 |   136 ||   311

Table legend:
 A = Spawn XP
 B = Non-spawn XP
 C = Spawn XP percentage of total XP
 D = Spawn monster count
 E = Non-spawn monster count
 F = Spawn count percentage of total count
 G = Total turns spent on level
                    A         B        C        D         E        F      G
               +---------+---------+-------+---------+---------+-------+---------
         Total |       0 |    2322 |   0.0 |       0 |     111 |   0.0 | 10134
               +---------+---------+-------+---------+---------+-------+---------
           D:1 |       0 |      45 |   0.0 |       0 |      25 |   0.0 |  1539
           D:2 |       0 |      43 |   0.0 |       0 |      15 |   0.0 |  1169
           D:3 |       0 |     159 |   0.0 |       0 |      19 |   0.0 |  1663
           D:4 |       0 |     310 |   0.0 |       0 |      15 |   0.0 |  2345
           D:5 |       0 |     675 |   0.0 |       0 |      13 |   0.0 |  2055
           D:6 |       0 |     956 |   0.0 |       0 |      22 |   0.0 |  1064
           D:7 |       0 |     134 |   0.0 |       0 |       2 |   0.0 |   112
               +---------+---------+-------+---------+---------+-------+---------
